[Event "Team 45 45 League T34"]
[Site "Internet Chess Club"]
[Date "2007.09.09"]
[Round "8"]
[White "spacecadet"]
[Black "EUPHRATES"]
[Result "0-1"]
[WhiteElo "1984"]
[BlackElo "1991"]
[Opening "KGA: Abbazia defense, modern variation"]
[ECO "C36"]
[Time "12:06:18"]
[TimeControl "2700+45"]

1. e4 e5 2. f4 d5 3. Nf3 exf4 4. exd5 Nf6 5. Bb5+ c6 6. dxc6 Nxc6 7. d4 Bd6 8.
Bxc6+ bxc6 9. O-O O-O 10. c4 Re8 11. Nc3 Bg4 12. Qd3 Bc5 13. Bxf4 Bxf3 14. Qxf3
Qxd4+ 15. Kh1 Qxc4 16. Rac1 Bd4 17. b3 Qe6 18. Na4 Ne4 19. Rc4 Rad8 20. Rc2 Rd7
21. Be3 Bxe3 22. Qxe3 Nd2 23. Qxe6 Rxe6 24. Rfc1 Rdd6 25. h3 f5 26. Nc5 Re2 27.
b4 f4 28. Kg1 f3 29. gxf3 Rg6+ 30. Kh1 Rgg2 31. Rxd2 Rxd2 32. Ne4 Rh2+ 33. Kg1
Rdg2+ 34. Kf1 Rxa2 35. Kg1 Rhb2 36. Rd1 Rxb4 37. Ng5 g6 38. Rd8+ Kg7 39. Rd7+
Kh6 40. Nf7+ Kh5 41. Rd1 Kh4 42. Kh1 Rbb2 43. Rd4+ Kxh3 44. Ng5+ Kg3 45. Rg4+
Kf2 46. Rf4 Kf1 47. Rh4 Rg2 {White resigns} 0-1

[Event "Team 45 45 League T34"]
[Site "Internet Chess Club"]
[Date "2007.09.09"]
[Round "8"]
[White "Queen"]
[Black "PublisherKing"]
[Result "1/2-1/2"]
[WhiteElo "1654"]
[BlackElo "1898"]
[Opening "Sicilian, Szén (`anti-Taimanov') variation"]
[ECO "B44"]
[Time "11:11:13"]
[TimeControl "2700+45"]

1. e4 c5 2. Nf3 Nc6 3. d4 cxd4 4. Nxd4 e6 5. Nb5 d6 6. c4 a6 7. N5c3 Nf6 8. Nd2
Be7 9. Nf3 Qc7 10. a3 b6 11. Be3 Bb7 12. Nd4 O-O 13. Nxc6 Qxc6 14. Be2 Rab8 15.
f3 Nd7 16. O-O Ne5 17. Qa4 Qc7 18. f4 Nd7 19. Rad1 Bf6 20. Bd4 Rfd8 21. Qb4
Bxd4+ 22. Rxd4 Nc5 23. a4 e5 24. fxe5 dxe5 25. Rxd8+ Rxd8 26. Nd5 Bxd5 27. cxd5
Qd6 28. Kh1 a5 29. Qc4 h6 30. b4 axb4 31. Qxb4 Qg6 32. Bf3 Ra8 33. Ra1 Ra5 34.
Kg1 Qd6 35. Bg4 g6 36. g3 h5 37. Bh3 Qf6 38. Ra3 Qg5 39. Kg2 Qc1 40. Ra2 Qe3 41.
Qxb6 Qxe4+ 42. Kg1 Qd4+ 43. Rf2 Rxa4 44. Qd8+ Kh7 45. Qc7 Ra1+ 46. Bf1 Ra8 47.
Qxf7+ Kh6 48. Kg2 Rd8 49. Qe7 Qxd5+ 50. Kg1 Ne4 51. Rf8 Rxf8 52. Qxf8+ Kg5 53.
Qe7+ Kh6 54. Qf8+ Kg5 55. Qe7+ Kh6 56. Qf8+ Kh7 57. Qe7+ Kh6 {Game drawn by
repetition} 1/2-1/2

[Event "Team 45 45 League T34"]
[Site "Internet Chess Club"]
[Date "2007.09.09"]
[Round "8"]
[White "Zebbile"]
[Black "EdBorowski"]
[Result "1-0"]
[WhiteElo "2088"]
[BlackElo "2006"]
[Opening "QGD Slav: Krause attack"]
[ECO "D17"]
[Time "14:02:25"]
[TimeControl "2700+45"]

1. d4 d5 2. c4 c6 3. Nc3 Nf6 4. Nf3 dxc4 5. a4 Bf5 6. Ne5 Nbd7 7. Nxc4 e6 8. f3
Nb6 9. e4 Bg6 10. Be3 Bb4 11. Ne5 Nbd7 12. Nxg6 hxg6 13. Be2 Qa5 14. Qc2 Qc7 15.
f4 Qa5 16. O-O c5 17. d5 exd5 18. Nxd5 Nxd5 19. exd5 Qc7 20. Qe4+ Kf8 21. d6
Qxd6 22. Qxb7 Re8 23. Rad1 Qe6 24. Rxd7 Qxe3+ 25. Kh1 Qe6 26. Bf3 g5 27. Bd5
{Black resigns} 1-0

[Event "Team 45 45 League T34"]
[Site "Internet Chess Club"]
[Date "2007.09.09"]
[Round "8"]
[White "mdeluca"]
[Black "Hideaway"]
[Result "1-0"]
[WhiteElo "1904"]
[BlackElo "1927"]
[Opening "Grünfeld with Bf4 & e3"]
[ECO "D93"]
[Time "08:02:22"]
[TimeControl "2700+45"]

1. d4 Nf6 2. c4 g6 3. Nc3 d5 4. Nf3 Bg7 5. Bf4 O-O 6. e3 c5 7. dxc5 Qa5 8. Rc1
Rd8 9. Qb3 Na6 10. Qb5 Qxb5 11. Nxb5 Ne4 12. Be5 Bxe5 13. Nxe5 Nexc5 14. Be2 Bf5
15. O-O f6 16. g4 Bc8 17. Nd3 Nxd3 18. Bxd3 Bxg4 19. cxd5 Bf3 20. e4 Nb4 21. Bc4
Bxe4 22. d6+ Bd5 23. dxe7 Rd7 24. Rfd1 Kg7 25. Bxd5 Rxd5 26. Rxd5 Nxd5 27. Nc7
Nxc7 28. Rxc7 Kf7 29. Rxb7 a5 30. Rd7 Ke8 31. Rb7 Ra6 32. Kg2 a4 33. b3 axb3 34.
axb3 Rd6 35. b4 Ra6 36. b5 Ra8 37. b6 h5 38. Rc7 Rb8 39. b7 {Black resigns} 1-0

[Event "Team 45 45 League T34"]
[Site "Internet Chess Club"]
[Date "2007.09.09"]
[Round "8"]
[White "dalfonso"]
[Black "Flying-Tiger"]
[Result "1-0"]
[WhiteElo "1929"]
[BlackElo "1859"]
[Opening "Sicilian: accelerated fianchetto, Maróczy bind"]
[ECO "B36"]
[Time "18:04:45"]
[TimeControl "2700+45"]

1. e4 c5 2. Nf3 g6 3. d4 cxd4 4. Nxd4 Nc6 5. c4 Nf6 6. Nc3 d6 7. Be2 Nxd4 8.
Qxd4 Bg7 9. Bg5 O-O 10. Qd2 Be6 11. O-O Qa5 12. Rfd1 Rfc8 13. Rac1 Rc5 14. Be3
Rcc8 15. b3 a6 16. Bg5 Re8 17. Bxf6 Bxf6 18. Nd5 Qxd2 19. Nxf6+ Kg7 20. Nxe8+
Rxe8 21. Rxd2 {Black resigns} 1-0

[Event "Team 45 45 League T34"]
[Site "Internet Chess Club"]
[Date "2007.09.09"]
[Round "8"]
[White "Grenadier"]
[Black "hewdondada"]
[Result "1-0"]
[WhiteElo "1749"]
[BlackElo "1756"]
[Opening "Scandinavian defense, Lasker variation"]
[ECO "B01"]
[Time "20:06:49"]
[TimeControl "2700+45"]

1. e4 d5 2. exd5 Qxd5 3. Nc3 Qa5 4. d4 Nf6 5. Nf3 Bg4 6. h3 Bh5 7. Bc4 e6 8. g4
Bg6 9. Bd2 c6 10. Ne5 Nbd7 11. Nxg6 hxg6 12. Qe2 Qc7 13. O-O-O Bd6 14. d5 cxd5
15. Nxd5 Nxd5 16. Bxd5 Rc8 17. Bc3 Be5 18. Bxe5 Nxe5 19. Bb3 O-O 20. Rhe1 Rfd8
21. Rxd8+ Rxd8 22. Qxe5 Qb6 23. Qe3 Qd6 24. c3 a6 25. Rd1 {Black resigns} 1-0

[Event "Team 45 45 League T34"]
[Site "Internet Chess Club"]
[Date "2007.09.09"]
[Round "8"]
[White "Kingofknights"]
[Black "corsair"]
[Result "1/2-1/2"]
[WhiteElo "1814"]
[BlackElo "1717"]
[Opening "QGD: 4.Bg5 Be7, 5.e3 O-O"]
[ECO "D53"]
[Time "16:00:28"]
[TimeControl "2700+45"]

1. d4 d5 2. c4 e6 3. Nc3 Nf6 4. Bg5 Be7 5. e3 O-O 6. Qc2 h6 7. h4 Nbd7 8. Nf3 b6
9. cxd5 Nxd5 10. Nxd5 exd5 11. Bxe7 Qxe7 12. Qxc7 Qb4+ 13. Qc3 Qxc3+ 14. bxc3
Bb7 15. Nd2 Rac8 16. Rc1 Rc7 17. Bd3 Rfc8 18. Nb1 g6 19. Kd2 Nf6 20. f3 a6 21.
a4 Kg7 22. Na3 Rc6 23. c4 R8c7 24. cxd5 Nxd5 25. Rxc6 Bxc6 26. Bxa6 Bxa4 27. Rc1
Rxc1 28. Kxc1 Nxe3 29. g4 Ng2 30. Kd2 Nxh4 31. Be2 f5 32. Nc4 Bc6 33. gxf5 Nxf3+
34. Ke3 Nxd4 35. Kxd4 gxf5 36. Nxb6 Be4 37. Nd5 Bxd5 38. Kxd5 Kg6 39. Ke5 Kg5
40. Bf3 h5 41. Kd4 h4 42. Ke3 h3 43. Kf2 Kf4 44. Bh5 {Game drawn by mutual
agreement} 1/2-1/2

[Event "Team 45 45 League T34"]
[Site "Internet Chess Club"]
[Date "2007.09.11"]
[Round "8"]
[White "parrot9"]
[Black "DaveTheRook"]
[Result "0-1"]
[WhiteElo "1673"]
[BlackElo "1655"]
[Opening "Robatsch (modern) defense"]
[ECO "B06"]
[Time "18:52:33"]
[TimeControl "2700+45"]

1. e4 g6 2. d4 Bg7 3. Be3 d6 4. Nc3 Nf6 5. f3 O-O 6. Qd2 Nbd7 7. g4 c6 8. h4 h5
9. g5 Ne8 10. f4 b5 11. O-O-O Nb6 12. Bd3 Bg4 13. Be2 Nc4 14. Bxc4 Bxd1 15.
Bxf7+ Rxf7 16. Qxd1 Qa5 17. f5 gxf5 18. g6 Rf8 19. Qxh5 Nf6 20. Qxf5 c5 21. Qe6+
Kh8 22. h5 b4 23. h6 bxc3 24. hxg7+ Kxg7 25. Bh6+ Kxg6 26. Kb1 Rab8 27. Bc1 cxb2
28. Rh6+ Kg7 29. e5 bxc1=Q+ 30. Kxc1 Qe1# {White checkmated} 0-1

[Event "Team 45 45 League T34"]
[Site "Internet Chess Club"]
[Date "2007.09.09"]
[Round "8"]
[White "TIP"]
[Black "OldBoy"]
[Result "0-1"]
[WhiteElo "1560"]
[BlackElo "1626"]
[Opening "Ruy Lopez: old Steinitz defense, Nimzovich attack"]
[ECO "C48"]
[Time "12:10:23"]
[TimeControl "2700+45"]

1. e4 e5 2. Nf3 Nc6 3. Nc3 Nf6 4. Bb5 d6 5. d4 Bd7 6. Bxc6 Bxc6 7. d5 Bd7 8. Be3
Be7 9. Qe2 O-O 10. O-O a6 11. Nd2 b5 12. f4 b4 13. fxe5 dxe5 14. d6 cxd6 15. Nd5
Nxd5 16. exd5 Bb5 17. Nc4 Qc7 18. b3 Qb7 19. Rf2 Rac8 20. a3 f5 21. axb4 f4 22.
Bd2 Bd8 23. Qe4 Bxc4 24. bxc4 Bb6 25. Rf1 Bxf2+ 26. Rxf2 Qc7 27. c5 dxc5 28.
bxc5 a5 29. c6 Rb8 30. Rf1 Rb5 31. c4 Qb6+ 32. Kh1 Rb2 33. Bc3 Rf2 34. Rg1 Qe3
35. Qxe5 Qxe5 36. Bxe5 Rc2 37. Bd6 Rxc4 38. Bxf8 Kxf8 39. Rd1 Ke8 40. Kg1 a4 41.
Re1+ Kd8 42. Re6 a3 43. Re2 Kc7 44. Ra2 Rc3 45. Kf2 Kd6 46. Rd2 a2 47. Rxa2 Kxd5
48. Rd2+ Kxc6 49. Rd4 g5 50. Rd8 Kc7 51. Rg8 h6 52. Rg7+ Kb6 53. Rg6+ Rc6 54.
Rg8 Kc5 55. Ra8 Kd5 56. Ra5+ Ke6 57. Ra2 Kf6 58. Re2 Re6 59. Rxe6+ Kxe6 60. Kf3
Kf5 61. g4+ Ke5 62. h3 Kd4 63. Ke2 Ke4 64. Kf2 f3 65. Ke1 Ke3 66. Kf1 f2 67. h4
gxh4 68. g5 hxg5 69. Kg2 Ke2 70. Kh3 f1=Q+ 71. Kg4 Qf4+ 72. Kh5 h3 73. Kg6 h2
74. Kg7 g4 75. Kg6 g3 76. Kg7 g2 77. Kh7 g1=Q 78. Kh8 h1=Q# {White checkmated}
0-1

[Event "Team 45 45 League T34"]
[Site "Internet Chess Club"]
[Date "2007.09.09"]
[Round "8"]
[White "rkaebi"]
[Black "oldsj"]
[Result "0-1"]
[WhiteElo "1407"]
[BlackElo "1504"]
[Opening "Giuoco Piano"]
[ECO "C50"]
[Time "13:01:12"]
[TimeControl "2700+45"]

1. e4 e5 2. Nf3 Nc6 3. Bc4 Bc5 4. O-O Nf6 5. Re1 O-O 6. c3 h6 7. d4 exd4 8. cxd4
Bb6 9. Nc3 d6 10. h3 Re8 11. Qb3 Na5 12. Qa4 Bd7 13. Nb5 a6 14. Qc2 Nxc4 15.
Qxc4 Bxb5 16. Qc3 Nxe4 17. Qc2 d5 18. a4 Bd7 19. b4 c6 20. Qd3 Qf6 21. Be3 Bf5
22. Qe2 Re7 23. g4 Bg6 24. Kh1 Nc3 25. g5 Qf5 26. Nh4 Qxh3+ {White resigns} 0-1

[Event "Team 45 45 League T34"]
[Site "Internet Chess Club"]
[Date "2007.09.09"]
[Round "8"]
[White "Creb"]
[Black "frankd"]
[Result "1/2-1/2"]
[WhiteElo "1751"]
[BlackElo "1842"]
[Opening "Pirc: Byrne variation"]
[ECO "B07"]
[Time "20:03:25"]
[TimeControl "2700+45"]

1. e4 d6 2. d4 Nf6 3. Nc3 g6 4. Bg5 Bg7 5. Qd2 c6 6. O-O-O h6 7. Bf4 g5 8. Bg3
Nh5 9. Bc4 Nd7 10. f4 Nxg3 11. hxg3 e6 12. e5 Nb6 13. Bb3 dxe5 14. dxe5 Qxd2+
15. Rxd2 Nd5 16. Nxd5 cxd5 17. Nf3 f6 18. exf6 Bxf6 19. Re1 Kf7 20. Ne5+ Bxe5
21. Rxe5 Bd7 22. Rde2 Rae8 23. c3 a5 24. Bc2 Rhg8 25. Rf2 Kf6 26. Re3 g4 27. Re5
Rh8 28. Rf1 Bc6 29. Rf2 {Game drawn by mutual agreement} 1/2-1/2

[Event "Team 45 45 League T34"]
[Site "Internet Chess Club"]
[Date "2007.09.05"]
[Round "8"]
[White "jacknor"]
[Black "allanchs"]
[Result "1-0"]
[WhiteElo "1612"]
[BlackElo "1530"]
[Opening "Queen's pawn game, Rubinstein (Colle-Zukertort) variation"]
[ECO "D05"]
[Time "13:01:45"]
[TimeControl "2700+45"]

1. d4 d5 2. Nf3 Nf6 3. e3 e6 4. Bd3 c5 5. b3 Nc6 6. a3 b6 7. O-O Bb7 8. Nbd2 Rc8
9. Bb2 cxd4 10. exd4 Bd6 11. Re1 O-O 12. Ne5 Qc7 13. f4 Ne7 14. Ndf3 Ne4 15. Ng5
Nc3 16. Bxh7+ Kh8 17. Qh5 {Black resigns} 1-0

[Event "Team 45 45 League T34"]
[Site "Internet Chess Club"]
[Date "2007.09.07"]
[Round "8"]
[White "fredd"]
[Black "PRO-CHESS"]
[Result "0-1"]
[WhiteElo "1512"]
[BlackElo "1597"]
[Opening "Bogo-Indian defense"]
[ECO "E11"]
[Time "19:57:09"]
[TimeControl "2700+45"]

1. d4 Nf6 2. c4 e6 3. Nf3 Bb4+ 4. Bd2 Bxd2+ 5. Nbxd2 O-O 6. e3 b6 7. g3 Bb7 8.
Bg2 c6 9. O-O d5 10. Qc2 Re8 11. Rfe1 Nbd7 12. Rad1 c5 13. Re2 Rb8 14. Rde1 dxc4
15. Nxc4 Ba6 16. Rd2 Bxc4 17. Qxc4 b5 18. Qc2 c4 19. b3 cxb3 20. axb3 Rc8 21.
Qd3 a6 22. Ne5 Qb6 23. Nxd7 Nxd7 24. e4 e5 25. Bh3 Rcd8 26. b4 Qxd4 27. Qxd4
exd4 28. Rxd4 Ne5 29. Rxd8 Rxd8 30. Rc1 Nc4 31. Bf1 Nd2 32. Bg2 Nc4 33. Bf1 Rd4
34. f3 Kf8 35. Ra1 Ne3 36. Rxa6 Rxb4 37. Bd3 Nc4 38. Kg2 g6 39. Ra8+ Kg7 40. Rb8
Rb3 41. Bxc4 bxc4 42. Rd8 c3 43. Rd1 Rb2+ 44. Kh3 Rd2 45. Rc1 c2 46. Kg4 Rxh2
47. f4 Rf2 48. Kh3 Kf6 49. Kg4 h5+ 50. Kh3 g5 51. fxg5+ Kxg5 52. Rg1 Re2 53. Rc1
Kf6 54. Kh4 Rh2# {White checkmated} 0-1

[Event "Team 45 45 League T34"]
[Site "Internet Chess Club"]
[Date "2007.09.09"]
[Round "8"]
[White "alaskauk"]
[Black "houseofcook"]
[Result "1-0"]
[WhiteElo "1485"]
[BlackElo "1388"]
[Opening "French: Steinitz variation"]
[ECO "C11"]
[Time "08:07:33"]
[TimeControl "2700+45"]

1. e4 e6 2. d4 d5 3. Nc3 Nf6 4. e5 Nfd7 5. Bf4 c5 6. Bb5 cxd4 7. Qxd4 a6 8. Be2
Nc6 9. Qe3 Bc5 10. Qg3 g6 11. Nf3 Be7 12. a3 b5 13. h4 h6 14. Bd3 Nf8 15. Nd1 d4
16. Rc1 Bb7 17. Be4 Qd7 18. Bd3 Rc8 19. Rb1 Qd5 20. b3 Qd7 21. Ra1 Na7 22. Ra2
Bd5 23. Nxd4 Bxg2 24. Qxg2 Qxd4 25. Qg3 Qd5 26. O-O Nc6 27. Ne3 Qd7 28. Rd1 Qc7
29. Ng2 Rd8 30. Qe3 g5 31. Bg3 Nd4 32. Rd2 Rg8 33. Kh1 Ng6 34. Bxg6 Rxg6 35.
Rxd4 Bf8 36. Rxd8+ Qxd8 37. h5 Rf6 38. exf6 Qxf6 39. c3 {Black resigns} 1-0

[Event "Team 45 45 League T34"]
[Site "Internet Chess Club"]
[Date "2007.09.10"]
[Round "8"]
[White "OrangeKing"]
[Black "Platitude"]
[Result "0-1"]
[WhiteElo "1749"]
[BlackElo "1614"]
[Opening "Sicilian: Nimzovich-Rubinstein variation"]
[ECO "B29"]
[Time "22:09:11"]
[TimeControl "2700+45"]

1. e4 c5 2. Nf3 Nf6 3. Nc3 d6 4. Bb5+ Nc6 5. O-O Bg4 6. h3 Bh5 7. d3 a6 8. Bxc6+
bxc6 9. Bf4 e5 10. Bg5 Be7 11. g4 Bg6 12. Nh4 Nxe4 13. Bxe7 Nxc3 14. Bxd8 Nxd1
15. Nxg6 hxg6 16. Raxd1 Rxd8 17. f4 Rxh3 18. Kg2 Re3 19. fxe5 dxe5 20. Rde1 Rxe1
21. Rxe1 f6 22. Re4 Rd4 23. Kf3 Kf7 24. Ke3 Ke6 25. c3 Rd8 26. Ra4 Ra8 27. Ra5
Kd6 28. Ke4 Rb8 29. b3 Rb6 30. d4 cxd4 31. cxd4 exd4 32. Kxd4 c5+ 33. Rxc5 Rb4+
34. Rc4 Rxc4+ 35. Kxc4 f5 36. b4 fxg4 37. Kd3 Kd5 38. a4 g3 39. Ke3 Kc4 40. b5
axb5 41. axb5 Kxb5 42. Kf3 Kc5 43. Kxg3 Kd5 44. Kg4 Ke6 45. Kg5 Kf7 46. Kg4 Kf6
47. Kf4 g5+ 48. Kg4 g6 49. Kg3 Kf5 50. Kf3 g4+ 51. Kg3 Kg5 52. Kg2 Kh4 53. Kh2
g3+ 54. Kg2 Kg4 55. Kg1 Kh3 56. Kh1 g2+ 57. Kg1 g5 {White resigns} 0-1

[Event "Team 45 45 League T34"]
[Site "Internet Chess Club"]
[Date "2007.09.06"]
[Round "8"]
[White "Sleete"]
[Black "Bedouksofhazzar"]
[Result "1-0"]
[WhiteElo "1905"]
[BlackElo "1762"]
[Opening "Sicilian: O'Kelly variation"]
[ECO "B28"]
[Time "16:19:18"]
[TimeControl "2700+45"]

1. e4 c5 2. Nf3 a6 3. d4 cxd4 4. Nxd4 Nf6 5. Nc3 e5 6. Nf3 Bb4 7. Bc4 d6 8. O-O
Bxc3 9. bxc3 Qc7 10. Qd2 Qxc4 11. Qxd6 Qe6 12. Qxe6+ Bxe6 13. Nxe5 O-O 14. Rb1
Nxe4 15. Re1 Nxc3 16. Rxb7 Rc8 17. Bd2 Nd5 18. c4 Nf6 19. f4 Nc6 20. f5 Bxf5 21.
Nxf7 Bg6 22. Nd6 Rd8 23. c5 Ne4 24. Nxe4 Bxe4 25. Bc3 Bf5 26. Rxg7+ Kf8 27. Rf1
Nd4 28. Bxd4 Rxd4 29. Rg5 Ra4 30. Rgxf5+ Kg8 31. Rg5+ Kh8 32. Rc1 Rxa2 33. c6
Rc8 34. Rd5 Re2 35. c7 Ree8 36. Rc4 Rf8 37. Rd7 Rg8 38. Re4 Rg7 39. Rd8+ Rg8 40.
Rxc8 Rxc8 41. Re7 Kg8 42. Rd7 {Black resigns} 1-0

[Event "Team 45 45 League T34"]
[Site "Internet Chess Club"]
[Date "2007.09.09"]
[Round "8"]
[White "CSCARChaplain"]
[Black "hotwater"]
[Result "0-1"]
[WhiteElo "727"]
[BlackElo "1462"]
[Opening "Four knights: Ranken variation"]
[ECO "C48"]
[Time "15:04:10"]
[TimeControl "2700+45"]

1. e4 e5 2. Nf3 Nc6 3. Nc3 Nf6 4. Bb5 a6 5. Bxc6 dxc6 6. O-O Bd6 7. d3 Bg4 8.
Bg5 Qd7 9. Qe2 h6 10. Bxf6 gxf6 11. h3 Bxh3 12. Ne1 Rg8 13. Qf3 O-O-O 14. Qxf6
Rg6 15. Qf3 Rdg8 16. Kh2 Bg4 17. Qg3 f5 18. f3 f4 19. Qf2 Bh5 20. Rg1 Qe7 21.
Ne2 Bc5 22. d4 exd4 23. Nxf4 Bd6 24. Nd3 Qf6 25. e5 Bxe5 26. Nxe5 Qxf4+ 27. g3
Qxe5 28. Rae1 Qd6 29. f4 Rg4 30. Re4 c5 31. Qf3 Rf8 32. Kh3 Rh4+ 33. gxh4 Bxf3
34. Re5 Qd7+ 35. Kg3 Rg8+ 36. Kf2 Rxg1 37. Kxg1 Qg4+ 38. Kf2 Qg2+ 39. Ke1 Qxc2
40. Re8+ Kd7 41. Rh8 Qe2# {White checkmated} 0-1

[Event "Team 45 45 League T34"]
[Site "Internet Chess Club"]
[Date "2007.09.08"]
[Round "8"]
[White "twinders"]
[Black "knightc9mate"]
[Result "1/2-1/2"]
[WhiteElo "1605"]
[BlackElo "1758"]
[Opening "QGD: Chigorin defense, Janowski variation"]
[ECO "D07"]
[Time "23:36:53"]
[TimeControl "2700+45"]

1. d4 d5 2. c4 Nc6 3. Nc3 dxc4 4. Nf3 Bg4 5. e3 e6 6. Bxc4 Nf6 7. O-O Be7 8. Bb5
O-O 9. Bxc6 bxc6 10. h3 Bf5 11. Qa4 c5 12. dxc5 Bxc5 13. Nh4 Bg6 14. Nxg6 hxg6
15. b4 Bd6 16. Bb2 Qd7 17. Qxd7 Nxd7 18. Rfd1 Rfd8 19. a3 Nb6 20. Rab1 a5 21. b5
Nc4 22. a4 Be5 23. Rxd8+ Rxd8 24. Ba1 Rd3 25. Ne4 Bxa1 26. Rxa1 Rb3 27. Rc1 Rb4
28. Nc5 Kf8 29. Rd1 Ke8 30. Rd7 Nb6 31. Rxc7 Rc4 32. Rb7 Nxa4 33. Nxa4 Rxa4 34.
Ra7 Rb4 35. Rxa5 g5 36. Ra8+ Ke7 37. Rb8 Kd6 38. Rb7 f6 39. Rxg7 Rxb5 40. Rf7
Ke5 41. Kh2 Kf5 42. e4+ Kg6 43. Re7 Re5 44. f3 f5 45. exf5+ Kxf5 46. Kg3 Re2 47.
Re8 Rd2 48. Rf8+ Kg6 49. Rg8+ Kf5 50. h4 gxh4+ 51. Kxh4 e5 52. Rf8+ Kg6 53. g4
Rd3 54. Rf5 Re3 55. Kg3 e4 56. Kf2 Rxf3+ 57. Rxf3 exf3 58. Kxf3 Kg5 59. Kg3 Kg6
60. Kf4 Kf6 61. g5+ Kg6 62. Kg4 Kg7 63. Kh5 Kh7 64. Kh4 Kg6 65. Kg4 Kg7 66. Kf5
Kf7 67. Ke5 Kg6 68. Kf4 Kg7 69. Kf5 Kf7 70. g6+ Kg7 71. Kg5 Kg8 72. Kf6 Kf8 73.
Ke6 Kg7 74. Kf5 Kg8 75. Kg5 Kg7 76. Kh5 Kg8 77. Kh6 Kh8 78. Kg5 {Game drawn by
mutual agreement} 1/2-1/2

[Event "Team 45 45 League T34"]
[Site "Internet Chess Club"]
[Date "2007.09.06"]
[Round "8"]
[White "HKNIGHT"]
[Black "GolfSuper"]
[Result "1-0"]
[WhiteElo "1734"]
[BlackElo "1668"]
[Opening "Queen's pawn game"]
[ECO "D00"]
[Time "19:00:46"]
[TimeControl "2700+45"]

1. d4 d5 2. e3 Nf6 3. f4 c5 4. Nf3 Bg4 5. Be2 e6 6. O-O Nc6 7. c3 Bd6 8. Ne5
Bxe2 9. Qxe2 O-O 10. Nd2 Qc7 11. Qf3 cxd4 12. exd4 a5 13. Kh1 b5 14. g4 b4 15.
g5 Nd7 16. Qh3 bxc3 17. bxc3 Ne7 18. a4 Rab8 19. Ba3 Bxa3 20. Rxa3 Rb2 21. Rd1
Nf5 22. Qd3 Nxe5 23. dxe5 Qc5 24. Rb3 Rxb3 25. Nxb3 Qe3 26. Qxe3 Nxe3 27. Rd3
Nc4 28. Nd4 Rb8 29. Rd1 Rb2 30. Nc6 g6 31. Rc1 Rf2 32. Rb1 Kg7 33. h3 h6 34. Rb5
Rxf4 35. Nxa5 Nxa5 36. Rxa5 hxg5 37. Ra8 d4 38. cxd4 Rxd4 39. a5 Rd5 40. a6 Rd1+
41. Kg2 Rd5 42. Kf3 Rxe5 43. a7 Kf6 44. Rf8 Rf5+ 45. Kg3 Ra5 46. a8=Q Rxa8 47.
Rxa8 Kg7 48. Kg4 Kh7 49. Kxg5 Kg7 50. Ra7 {Black resigns} 1-0

[Event "Team 45 45 League T34"]
[Site "Internet Chess Club"]
[Date "2007.09.08"]
[Round "8"]
[White "PawnSensei"]
[Black "Queen"]
[Result "0-1"]
[WhiteElo "1421"]
[BlackElo "1618"]
[Opening "Sicilian: Taimanov (Bastrikov) variation"]
[ECO "B47"]
[Time "13:07:48"]
[TimeControl "2700+45"]

1. e4 c5 2. Nf3 e6 3. d4 cxd4 4. Nxd4 Nc6 5. Nc3 Qc7 6. Ndb5 Qb8 7. g3 a6 8. Nd4
Bb4 9. Nxc6 bxc6 10. Qd3 d5 11. Bg2 Ne7 12. a3 Bd6 13. Be3 Qxb2 14. Ra2 Qb7 15.
O-O O-O 16. Rb1 Qd7 17. a4 Ng6 18. Ne2 f5 19. exd5 cxd5 20. Bxd5 exd5 21. Qxd5+
Qf7 22. Qxf7+ Rxf7 23. Rab2 Bd7 24. a5 f4 25. gxf4 Nxf4 26. Ng3 Rc8 27. Rb6 Nh3+
28. Kh1 Bc6+ 29. Rxc6 Rxc6 30. Ne4 Be5 31. Kg2 Nf4+ 32. Bxf4 Rxf4 33. f3 Rxc2+
{White resigns} 0-1

[Event "Team 45 45 League T34"]
[Site "Internet Chess Club"]
[Date "2007.09.07"]
[Round "8"]
[White "scottrugby"]
[Black "strudel"]
[Result "1/2-1/2"]
[WhiteElo "1505"]
[BlackElo "1449"]
[Opening "Sicilian: Grand Prix attack"]
[ECO "B23"]
[Time "16:06:06"]
[TimeControl "2700+45"]

1. e4 c5 2. Nc3 Nc6 3. f4 g6 4. Nf3 Bg7 5. Bb5 Nd4 6. O-O Qa5 7. Bc4 Nxf3+ 8.
Qxf3 e6 9. a3 Ne7 10. d3 Bxc3 11. bxc3 b5 12. e5 Nc6 13. Bb3 Qxc3 14. Be3 Rb8
15. h4 Nd4 16. Bxd4 Qxd4+ 17. Kh1 Bb7 18. Qg4 Bd5 19. Bxd5 Qxd5 20. h5 Qd4 21.
Ra2 a5 22. Re1 Qd5 23. Raa1 c4 24. dxc4 Qxc4 25. Re2 Qc3 26. Ra2 Kf8 27. Qh4
{Game drawn by mutual agreement} 1/2-1/2

[Event "Team 45 45 League T34"]
[Site "Internet Chess Club"]
[Date "2007.09.07"]
[Round "8"]
[White "curtintime"]
[Black "civilization"]
[Result "1/2-1/2"]
[WhiteElo "1444"]
[BlackElo "1479"]
[Opening "Sicilian: Pin variation (Sicilian counter-attack)"]
[ECO "B41"]
[Time "20:07:45"]
[TimeControl "2700+45"]

1. e4 c5 2. Nf3 e6 3. d4 cxd4 4. Nxd4 Nf6 5. Nc3 Bb4 6. Bd3 d5 7. e5 Nfd7 8. Qe2
Nc5 9. Bd2 a6 10. a3 Ba5 11. b4 Nxd3+ 12. Qxd3 Bc7 13. Qe2 Nd7 14. Nf3 h6 15.
O-O Nb6 16. Be3 Nc4 17. Bd4 b5 18. a4 Bd7 19. a5 Bb8 20. Nd2 Nxd2 21. Qxd2 Ba7
22. Ne2 Qc7 23. c3 Bxd4 24. cxd4 O-O 25. Rac1 Qb7 26. Nf4 Rfc8 27. Nh5 Rc6 28.
Rc3 Rxc3 29. Qxc3 Rc8 30. Qg3 g6 31. Nf6+ Kg7 32. Qh4 Rc4 33. Ng4 h5 34. Qf6+
Kf8 35. Nh6 Bc6 36. Qh8+ Ke7 37. Qf6+ Ke8 38. Qh8+ Ke7 39. Qf6+ Ke8 40. Qh8+ Ke7
41. Qf6+ Kf8 42. Qh8+ Ke7 43. Qf6+ Ke8 44. Qh8+ Ke7 {Game drawn by repetition}
1/2-1/2

[Event "Team 45 45 League T34"]
[Site "Internet Chess Club"]
[Date "2007.09.08"]
[Round "8"]
[White "g8wrb"]
[Black "slakkjaw"]
[Result "1-0"]
[WhiteElo "1571"]
[BlackElo "1197"]
[Opening "King's gambit"]
[ECO "C30"]
[Time "17:29:50"]
[TimeControl "2700+45"]

1. e4 e5 2. f4 d6 3. Nf3 Nc6 4. Nc3 Nf6 5. d4 g6 6. fxe5 dxe5 7. d5 Ne7 8. Nxe5
Bg7 9. Bf4 O-O 10. Qe2 a6 11. O-O-O Nd7 12. Nxd7 Bxd7 13. Qc4 Rc8 14. h4 h6 15.
Be2 b5 16. Qd3 c5 17. e5 Bf5 18. Qd2 Kh7 19. g4 b4 20. gxf5 bxc3 21. Qxc3 Nxf5
22. Bxa6 Ra8 23. Bc4 Nxh4 24. Rh2 Nf5 25. Rdh1 g5 26. Be3 Nxe3 27. Qxe3 Qb6 28.
Qxg5 Rab8 29. b3 Ra8 30. Bd3+ Kg8 31. Rxh6 f6 32. Rh8+ Kf7 33. Qg6+ Ke7 34.
Qxg7+ Rf7 35. d6+ Ke6 36. Bc4+ Kxe5 37. Qxf7 Rxa2 38. Qe6+ Kf4 39. Qxf6+ Ke3 40.
Re8# {Black checkmated} 1-0

[Event "Team 45 45 League T34"]
[Site "Internet Chess Club"]
[Date "2007.09.07"]
[Round "8"]
[White "Gomer"]
[Black "archae13"]
[Result "1-0"]
[WhiteElo "1193"]
[BlackElo "1244"]
[Opening "Pirc defense"]
[ECO "B07"]
[Time "00:01:15"]
[TimeControl "2700+45"]

1. e4 d6 2. d4 Nf6 3. Nc3 g6 4. e5 dxe5 5. dxe5 Qxd1+ 6. Nxd1 Ng4 7. Nf3 Bg7 8.
Bf4 O-O 9. Ne3 f6 10. exf6 Bxf6 11. Nd5 Bxb2 12. Rb1 Ba3 13. Nxc7 Bc5 14. Bc4+
e6 15. Bg3 h5 16. O-O b6 17. Nxa8 Nd7 18. Nc7 Kh7 19. Nxe6 Rf6 20. Nxc5 Nxc5 21.
Rbe1 Ba6 22. Bxa6 Nxa6 23. Re7+ Kg8 24. Rxa7 Nb4 25. Rd1 Rf8 26. Bd6 Rd8 27. Re1
Nxc2 28. Ree7 Rxd6 29. Re8# {Black checkmated} 1-0

[Event "Team 45 45 League T34"]
[Site "Internet Chess Club"]
[Date "2007.09.09"]
[Round "8"]
[White "rpgrossman"]
[Black "BosqueVerde"]
[Result "1-0"]
[WhiteElo "1119"]
[BlackElo "1181"]
[Opening "Queen's pawn game"]
[ECO "D02"]
[Time "15:05:50"]
[TimeControl "2700+45"]

1. Nf3 d5 2. d4 e6 3. g3 c5 4. c3 Nc6 5. Bg2 Nf6 6. O-O cxd4 7. cxd4 Be7 8. Nc3
a6 9. a3 Bd7 10. b4 b5 11. Bg5 Rc8 12. e3 h6 13. Bxf6 Bxf6 14. h3 O-O 15. Ne2
Re8 16. Rc1 e5 17. dxe5 Nxe5 18. Nxe5 Rxe5 19. Rxc8 Bxc8 20. Nf4 Be6 21. Nxe6
fxe6 22. Kh1 Qe8 23. Qc2 Rh5 24. Rc1 Kh8 25. Qc8 Qxc8 26. Rxc8+ Kh7 27. Rc6 Bb2
28. Rxa6 Rf5 29. Kg1 d4 30. exd4 Bxd4 31. Be4 Bxf2+ 32. Kg2 Bd4 33. Bxf5+ exf5
34. a4 bxa4 35. Rxa4 Kg6 36. b5 Be3 37. Kf3 Bc5 38. Ra6+ Kg5 39. b6 Bd6 40. b7
Be5 41. Ra5 Bd6 42. Rb5 h5 43. h4+ Kf6 44. b8=Q Bxb8 45. Rxb8 Ke5 46. Rb5+ Kf6
47. Kf4 g6 48. Rc5 Kg7 49. Kg5 Kf7 50. Rc6 Ke7 51. Rxg6 Kf7 52. Kxf5 {Black
resigns} 1-0